 Dungeon Crawl Stone Soup version 0.32-a0-841-g4648e6c457 (webtiles) character file.

Game seed: 10174903102288231627

185254 LorescaleCoatl the Necromancer (level 17, -1/140 HPs)
             Began as a Green Draconian Summoner on Mar 26, 2024.
             Was a High Priest of Jiyva.
             Slain by a bunyip zombie (30 damage)
             ... on level 4 of the Swamp.
             The game lasted 01:34:56 (33522 turns).

LorescaleCoatl the Necromancer (DrSu)              Turns: 33522, Time: 01:34:56

Health: -1/140     AC: 16    Str: 18    XL:     17   Next: 80%
Magic:  11/35      EV: 18    Int: 20    God:    Jiyva [*****.]
Gold:   997        SH:  0    Dex:  8    Spells: 14/44 levels left

rFire   . . .        c - staff of death {rN+ !a}
rCold   + + +        (no shield)
rNeg    + + .        (body armour unavailable)
rPois   +            T - +2 hat
rElec   .            Q - +1 cloak {Stlth+}
rCorr   +            E - +1 pair of gloves
SInv    +            p - +0 pair of boots
Will    +....        C - amulet of regeneration
Stlth   ++           I - +5 ring of evasion
HPRegen 2.67/turn    Z - ring of positive energy
MPRegen 0.96/turn

%: no passive effects
@: no status effects
A: noxious breath, AC +9, unfitting armour, stinger 1, poison resistance,
cold-blooded, see invisible, clumsy 1, cold resistance 3, strong 1, evolution 1,
MP-powered wands, engulf
a: Noxious Breath, Renounce Religion, Oozemancy, Slimify


You were on level 4 of the Swamp.
You worshipped Jiyva.
Jiyva was extremely pleased with you.
You visited 5 branches of the dungeon, and saw 27 of its levels.
You also visited: Gauntlet.

You collected 3115 gold pieces.
You spent 2118 gold pieces at shops.

Inventory:

Hand Weapons
 g - a +4 double sword
 X - a +0 rapier of venom
Missiles
 b - a throwing net
 D - 10 curare-tipped darts
Armour
 p - a +0 pair of boots (worn)
 E - a +1 pair of gloves (worn)
 K - the +3 pair of seven-league boots {Rampage+∞}
   (You found it on level 1 of the Lair of Beasts)

   Rampage+∞: When moving toward enemies, its wearer moves as far as possible,
   alerting their target en route.
 M - a +1 kite shield of positive energy
 Q - a +1 cloak of stealth (worn)
 T - a +2 hat (worn)
Magical Staves
 c - a staff of death (weapon) {rN+ !a}
Jewellery
 e - a +6 ring of dexterity
 k - a +6 ring of strength
 r - a +5 ring of evasion
 u - a ring of protection from cold
 A - a ring of fire
 C - an amulet of regeneration (around neck)
 I - a +5 ring of evasion (left hand)
 O - the ring of Elitism {*Corrode +Blink rF+ Int+2 SInv}
   (You found it in a Gauntlet)

   [ring of protection from fire]

   Int+2:     It affects your intelligence (+2).
   rF+:       It protects you from fire.
   SInv:      It lets you see invisible.
   +Blink:    It lets you blink.
   *Corrode:  It may corrode you when you take damage.
 U - a ring of protection from cold
 Z - a ring of positive energy (right hand)
Scrolls
 d - 4 scrolls of teleportation {@r3}
 h - a scroll of fog {@r2}
 i - a scroll of blinking {@r4}
 l - a scroll of amnesia
 m - 8 scrolls of enchant weapon
 n - a scroll of silence {!r}
 s - 4 scrolls of revelation {@r5}
 t - 3 scrolls of torment
 y - 4 scrolls of vulnerability {!r}
 z - a scroll of identify {@r1}
 F - 2 scrolls of immolation
 G - 3 scrolls of brand weapon
 J - 3 scrolls of enchant armour
 V - a scroll of poison
Potions
 a - 4 potions of magic
 f - 10 potions of curing {@q2}
 j - a potion of brilliance
 o - 2 potions of enlightenment {unknown}
 q - 2 potions of cancellation
 v - a potion of mutation
 w - 4 potions of haste {@q5}
 x - 2 potions of lignification
 H - 2 potions of resistance
 L - 2 potions of might {@q3}
 P - a potion of berserk rage
 W - a potion of attraction
 Y - a potion of invisibility
Miscellaneous
 N - a phial of floods
 R - a lightning rod (4/4)
 S - a box of beasts (inert)


   Skills:
 - Level 10.0 Fighting
 - Level 10.0 Dodging
 - Level 1.7 Stealth
 - Level 14.0 Spellcasting
 - Level 11.0 Summonings
 + Level 20.5 Necromancy
 - Level 5.0 Fire Magic
 - Level 5.0 Air Magic
 - Level 6.0 Earth Magic


You had 14 spell levels left.
You knew the following spells:

 Your Spells              Type           Power      Damage    Failure   Level
b - Sublimation of Blood  Necr           97%        N/A       0%          2
c - Call Imp              Summ           100%       N/A       1%          2
d - Death Channel         Necr           48%        N/A       1%          6
f - Call Canine Familiar  Summ           55%        N/A       1%          3
h - Haunt                 Necr/Summ      43%        N/A       6%          7
l - Summon Lightning Spi  Summ/Air       46%        N/A       1%          4
s - Summon Small Mammal   Summ           100%       N/A       1%          1
v - Borgnjor's Vile Clut  Necr/Erth      39%        N/A       1%          5

Your spell library contained the following spells:

 Spells                   Type           Power      Damage    Failure   Level
 Fugue of the Fallen      Necr           97%        N/A       0%          3
 Vampiric Draining        Necr           97%        2d12      0%          3
 Cigotuvi's Dreadful Rot  Necr/Alch/Air  100%       N/A       1%          2
 Passwall                 Erth           38%        N/A       1%          3
 Swiftness                Air            34%        N/A       1%          3
 Martyr's Knell           Necr/Summ      86%        N/A       1%          4
 Summon Blazeheart Golem  Fire/Summ      46%        N/A       1%          4
 Curse of Agony           Necr           97%        N/A       1%          5
 Magic Dart               Conj           56%        1d5       4%          1
 Slow                     Hex            56%        N/A       4%          1
 Sting                    Conj/Alch      56%        1d6       4%          1
 Ensorcelled Hibernation  Hex/Ice        28%        N/A       7%          2
 Searing Ray              Conj           28%        2d5       7%          2
 Borgnjor's Revivificati  Necr           48%        N/A       7%          8
 Infestation              Necr           48%        N/A       7%          8
 Tukima's Dance           Hex            14%        N/A       14%         3
 Vhi's Electric Charge    Tloc/Air       48%        N/A       16%         4
 Cause Fear               Hex            7%         N/A       41%         4
 Fulminant Prism          Conj/Alch      7%         3d7       41%         4
 Passage of Golubria      Tloc           14%        N/A       41%         4
 Arcjolt                  Conj/Air       12%        1d22      41%         5
 Fireball                 Conj/Fire      12%        3d7       41%         5
 Plasma Beam              Fire/Air       17%        2x1d28    65%         6
 Death's Door             Necr           48%        N/A       71%         9
 Yara's Violent Unravell  Hex/Alch       7%         3d5       77%         5
 Enfeeble                 Hex            7%         N/A       100%        7
 Dragon's Call            Summ           27%        N/A       100%        9


Dungeon Overview and Level Annotations

Branches:
Dungeon (15/15)            Temple (1/1) D:7            Lair (5/5) D:8
  Swamp (4/4) Lair:3        Snake (0/4) Lair:3        Slime (0/5) Lair:4
    Orc (2/2) D:9             Elf (0/3) Orc:2        Vaults (0/5) D:13
 Depths (0/4) D:15        Gauntlet (visited)

Altars:
Ashenzari
Cheibriados
Dithmenos
Elyvilon
Fedhas
Gozag
Hepliaklqana
Kikubaaqudgha
Makhleb
Nemelex Xobeh
Okawaru
Qazlal
Ru
Sif Muna
Trog
Uskayaw
Vehumet
Wu Jian
Xom
Yredelemnul
Zin
The Shining One
Beogh
Jiyva

Shops:
D:6 =   D:9 !   Orc:2 :(!=

Annotations:
D:2 need fly


Innate Abilities, Weirdness & Mutations

You can breathe blasts of noxious fumes.
Your lurid green scales are hard. (AC +9)
You cannot fit into any form of body armour.
Your tail ends in a venomous barb.
Your system is resistant to poisons. (rPois)
You are cold-blooded and may be slowed by cold attacks.
You have supernaturally acute eyesight. (SInv)
You are clumsy. (Dex -2)
Your flesh is almost immune to the effects of cold. (rC+++)
Your muscles are strong. (Str +4, Int/Dex -1)
You have hidden genetic potential.
You expend magic power (3 MP) to strengthen your wands.
Your melee attacks may engulf your foes in ooze.


Message History

Unknown command.
The zombie hands constrict the spriggan druid!
A tree reaches out and hits your wraith!
Your wraith is destroyed!
Your wraith disappears in a puff of smoke!
Your phantasmal warrior is hit by a branch!
A tree reaches out and hits you!
The spriggan druid gestures wildly while chanting.
The spriggan druid is healed somewhat.
The zombie hands constrict the spriggan druid!
Your wraith disappears in a puff of smoke!
Trunks creak and shift.
A tree reaches out and hits your wraith!
Your shadow wraith is hit by a branch!
A tree reaches out and hits you!
* * * LOW HITPOINT WARNING * * *
The +0 spectral quarterstaff attacks as it pursues you!
The +0 spectral quarterstaff disappears.
The spriggan druid casts a spell at you.
The stone arrow hits you!
* * * LOW HITPOINT WARNING * * *
Your wraith hits the spriggan druid.
The zombie hands constrict the spriggan druid!
With its final breath, the spriggan druid offers up its power to the beasts of the wild!
The bunyip zombie seems to grow more fierce.
You kill the spriggan druid!
The forest abruptly stops moving.
Kikubaaqudha cackles.
Your shadow wraith disappears in a puff of smoke!
You hear a distant slurping noise.
Your phantasmal warrior gestures at the spriggan druid simulacrum.
Your phantasmal warrior blinks!
Your life force feels restored.
A spriggan druid simulacrum comes into view.
Casting: Borgnjor's Vile Clutch (mildly dangerous; 1% risk of failure)
Confirm with . or Enter, or press ? or * to list all spells.
Aiming: Borgnjor's Vile Clutch (mildly dangerous; 1% risk of failure)
Press: ? - help, Shift-Dir - straight line, f - you
Okay, then.
You swap places.
The bunyip zombie claws you!!
You die...
Jiyva sends a jelly to digest your remains.

≈≈~##♣.♣♣♣......~.~.~....
≈≈≈~~≈♣♣~..~~....~~.~~~~..
≈..≈≈≈≈♣~§~~§.~.~~~.~~~...
.....≈≈♣.~~~~.~~..♣♣~♣♣~~.
~~~.....♣.~~.~~~^.♣♣♣♣.~~.
♣(~~~~.....~.....♣♣ ♣♣...
♣.~~~~~~§..~♣...~♣ ♣♣♣♣~..
♣[~~~~...♣♣~~.~~.♣ ♣..~.~~
~~.~♣♣.W@...~~~♣♣♣♣§~~~~~
~ ♣ZZ~~.~.§♣♣ ♣.~~~~~~
♣♣.~~§~..♣♣ ♣~~~~§~§
♣)W~~~♣~..♣ ♣♣<.~.♣..
♣~~~.)...†~.♣♣♣♣♣
♣..~~~~~♣ ♣♣♣~~)§....)♣♣♣♣
♣♣♣.~~.~..
♣.~~~.~♣~..♣~♣♣♣~~.~~.~..
♣~..♣♣♣♣♣.~♣♣........~~~~
♣~♣~ ♣♣♣♣♣~....~.~§≈§≈


You could see a spriggan druid simulacrum (ally target), a bunyip zombie
(strong), a friendly phantasmal warrior (summoned) and a friendly wraith
(summoned).

Vanquished Creatures
  A bunyip (Swamp:4)
  A vault guard (D:13)
  4 hydras
  An alligator (Swamp:4)
  An ogre mage (Orc:1)
  Erica (D:8)
  2 catoblepae
  A dancing weapon (D:14)
  6 two-headed ogres
  3 centaur warriors
  2 tengu warriors
  10 death yaks
  6 boulder beetles
  A death scarab (Gauntlet)
  A deep troll shaman (Lair:5)
  Urug (Orc:1)
  3 orc high priests (Orc:2)
  A fire crab (Lair:3)
  4 spriggans
  A skeletal warrior (D:11)
  2 spriggan druids
  A spriggan rider (Swamp:4)
  4 bog bodies
  5 orc knights
  An ugly thing zombie (D:13)
  A deep elf pyromancer (D:15)
  An orc sorcerer (Orc:2)
  2 cyclopes
  4 ugly things
  8 nameless horrors
  3 manticores
  7 elephants
  A meliai (D:12)
  A guardian serpent (Lair:1)
  A meliai (shapeshifter) (D:12)
  A moth of wrath (Swamp:4)
  A black mamba (Lair:5)
  A centaur zombie (D:10)
  4 kobold blastminers (Orc:2)
  A molten gargoyle (Lair:1)
  A gargoyle (D:14)
  2 unseen horrors (D:12)
  3 cane toads
  A kobold demonologist (D:10)
  A swamp worm zombie (Swamp:4)
  7 komodo dragons
  A rime drake (Lair:5)
  4 efreet (D:14)
  A tengu conjurer (D:13)
  A polar bear (Lair:5)
  A tyrant leech (Lair:3)
  A bloated husk (Swamp:1)
  2 trolls
  5 hornets
  6 blink frogs
  A slime creature (D:11)
  A tyrant leech zombie (Swamp:4)
  A yak (shapeshifter) (D:13)
  A spriggan zombie (Swamp:2)
  2 wyverns
  A spectral komodo dragon (Gauntlet)
  21 yaks
  A steam dragon (D:10)
  7 vampire mosquitoes
  8 swamp worms
  An acid dragon (shapeshifter) (D:13)
  5 water moccasins
  A hornet zombie (Swamp:3)
  A black bear (D:8)
  7 orc warriors
  An ice beast (D:7)
  2 laughing skulls (D:14)
  A sky beast (D:8)
  3 ogres (Orc:2)
  9 wolves
  7 centaurs
  A kobold brigand (D:8)
  2 bullfrogs
  3 killer bees
  3 electric eels
  A howler monkey (D:11)
  A bombardier beetle (D:3)
  3 hounds
  7 orc priests
  A jelly (D:7)
  6 iguanas
  8 orc wizards
  2 polar bear simulacra (Lair:3)
  2 hell rats (D:8)
  2 yak simulacra (Lair:3)
  4 gnolls
  8 adders
  A shadow imp (D:7)
  A white imp (D:7)
  An ufetubus (D:5)
  3 dart slugs
  2 ribbon worms
  23 orcs
  7 ball pythons
  5 bats
  2 endoplasms (D:2)
  2 giant cockroaches
  4 goblins
  2 hobgoblins
  2 jackals (D:4)
  4 quokkas
  4 frilled lizards
  5 kobolds
  3 rats
  A river rat simulacrum (Lair:3)
346 creatures vanquished.

Vanquished Creatures (collateral kills)
  A tentacled monstrosity (Swamp:3)
  The ghost of Ujyxuu Gaynk the Fetichist, an adept CoAr of Trog (D:14)
  A very ugly thing (D:15)
  4 eleionomae
  3 bunyips
  A minotaur (Gauntlet)
  Snorg (D:11)
  A fire dragon (D:14)
  A shambling mangrove (Swamp:4)
  The ghost of heinrich the Unseen, a journeyman VSBr of Dithmenos (Lair:3)
  3 vault guards (D:13)
  8 hydras
  A rakshasa (D:15)
  2 ghost crabs
  2 centaur warriors
  A death yak (Lair:5)
  7 alligators
  5 boulder beetles
  2 two-headed ogres
  2 tengu warriors
  A vampire mage (Lair:3)
  Sonja (Lair:1)
  A spriggan rider (Swamp:3)
  4 goliath frogs
  4 skeletal warriors (D:11)
  A death drake (Swamp:4)
  6 bog bodies
  4 spriggan druids
  2 glowing orange brains
  3 orc knights
  A lindwurm (Lair:5)
  3 swamp dragons
  2 deep elf pyromancers
  A necromancer (Lair:3)
  4 ugly things
  2 orc sorcerers (Orc:2)
  4 cyclopes
  5 will-o-the-wisps
  2 manticores
  A salamander (Lair:1)
  4 centaur zombies
  3 nameless horrors
  A moth of wrath (Swamp:4)
  5 black mambas (Lair:3)
  9 elephants
  A smoke demon (D:13)
  A gargoyle (D:12)
  A torpor snail (Gauntlet)
  2 unseen horrors
  A rime drake (Lair:4)
  2 unseen horror zombies (D:10)
  A swamp worm zombie (Swamp:4)
  11 cane toads
  A freezing wraith (Swamp:3)
  2 komodo dragons
  A troll (shapeshifter) (D:13)
  2 polar bears (Lair:5)
  7 trolls
  A hydra zombie (D:15)
  A moth of wrath zombie (Swamp:4)
  6 hornets
  9 tyrant leeches
  A bloated husk (Swamp:3)
  5 blink frogs
  A boulder beetle zombie (D:13)
  6 slime creatures
  A water elemental (D:15)
  7 spriggans
  30 yaks
  2 vampires (D:10)
  5 shadows
  A wyvern (D:10)
  2 fire bats (Lair:1)
  4 wraiths
  3 basilisks (Lair:5)
  Grum (D:11)
  A steam dragon (D:7)
  3 fire elementals
  3 wargs
  5 vampire mosquitoes
  7 swamp worms
  4 acid dragons
  23 water moccasins
  14 orc warriors
  2 laughing skulls (D:14)
  A hornet zombie (Swamp:4)
  2 black bears
  An ogre (Orc:1)
  18 wolves
  3 centaurs
  A phantom (D:7)
  5 bullfrogs
  2 gnoll sergeants (D:9)
  7 killer bees
  3 electric eels (D:9)
  A lava snake (Lair:1)
  7 jellies
  12 orc priests
  4 hounds
  3 iguanas
  20 orc wizards
  5 hell rats
  A polar bear simulacrum (Lair:3)
  3 wolf simulacra (Lair:3)
  An acid dragon zombie (D:12)
  9 gnolls
  7 adders
  3 river rats (D:8)
  A shadow imp (D:7)
  4 white imps
  An ufetubus (D:5)
  4 ribbon worms
  45 orcs
  An endoplasm (D:4)
  2 hobgoblins
  A jackal (D:9)
  4 kobolds
  4 quokkas
  A bat (D:3)
  A frilled lizard (D:3)
  4 goblins
  2 river rat simulacra (Lair:3)
497 creatures vanquished.

Vanquished Creatures (others)
  An azure jelly (Swamp:3)
  A rakshasa (D:15)
  A hydra (Lair:3)
  A centaur warrior (D:15)
  A glowing orange brain (D:15)
  A manticore (D:15)
  A smoke demon (D:14)
  A torpor snail (Lair:3)
  2 black mambas (Lair:3)
  A freezing wraith (Swamp:3)
  2 rime drakes (Lair:3)
  A komodo dragon (Lair:3)
  A tengu conjurer (D:14)
  3 bloated husks
  A polar bear (Lair:3)
  9 slime creatures (D:15)
  A water moccasin (Lair:3)
  3 centaurs
  A bullfrog (Lair:3)
  A howler monkey (shapeshifter) (D:15)
  50 jellies
  A centaur zombie (D:15)
  3 orcs
  A giant cockroach (D:11)
  A rat (D:11)
  68 blazeheart cores
  25 foxfires
183 creatures vanquished.

Grand Total: 1026 creatures vanquished

Notes
Turn   | Place    | Note
-------+----------+-------------------------------------------
     0 | D:1      | LorescaleCoatl the Draconian Summoner began the quest for
                  | the Orb.
     0 | D:1      | Reached XP level 1. HP: 14/14 MP: 3/3
   396 | D:1      | Reached XP level 2. HP: 20/20 MP: 1/5
   528 | D:1      | Found a faded altar of an unknown god.
  1146 | D:2      | Reached XP level 3. HP: 26/26 MP: 4/7
  1681 | D:3      | Reached XP level 4. HP: 33/33 MP: 5/8
  2282 | D:3      | Reached skill level 5 in Summonings
  2342 | D:3      | Reached XP level 5. HP: 35/38 MP: 8/10
  2444 | D:3      | Learned a level 2 spell: Call Imp
  2448 | D:3      | Learned a level 3 spell: Call Canine Familiar
  2453 | D:3      | Learned a level 4 spell: Summon Blazeheart Golem
  2533 | D:4      | Reached skill level 1 in Fire Magic
  2910 | D:4      | Reached XP level 6. HP: 14/45 MP: 1/12
  3277 | D:5      | Entered Level 5 of the Dungeon
  3711 | D:5      | Your scales start taking on a lurid green colour.
  3711 | D:5      | Reached XP level 7. HP: 49/50 MP: 10/13
  3711 | D:5      | Gained mutation: Your system is resistant to poisons.
                  | (rPois) [Green Draconian growth]
  4738 | D:6      | Reached skill level 5 in Spellcasting
  4813 | D:6      | Noticed a yak
  4842 | D:6      | Killed a yak
  4843 | D:6      | Reached skill level 5 in Fire Magic
  4843 | D:6      | Reached XP level 8. HP: 27/57 MP: 1/16
  5181 | D:6      | Found Vischoufi's Jewellery Shoppe.
  5395 | D:6      | Found a hazy altar of Hepliaklqana.
  6183 | D:6      | Reached XP level 9. HP: 55/62 MP: 13/19
  6460 | D:7      | Found a staircase to the Ecumenical Temple.
  6470 | Temple   | Entered the Ecumenical Temple
  6511 | Temple   | Became a worshipper of Kikubaaqudgha
  7503 | D:8      | Found a burning altar of Makhleb.
  7611 | D:8      | Found a staircase to the Lair.
  7665 | D:8      | Noticed Erica
  7725 | D:8      | Killed Erica
  7746 | D:8      | Reached skill level 10 in Summonings
  8115 | D:8      | Learned a level 4 spell: Summon Lightning Spire
  8228 | D:8      | Reached skill level 1 in Air Magic
  8235 | D:8      | Reached XP level 10. HP: 57/69 MP: 17/22
  8257 | D:8      | Reached * piety under Kikubaaqudgha
  8257 | D:8      | Received a gift from Kikubaaqudgha
  8460 | D:8      | Found a sparkling altar of Nemelex Xobeh.
  8576 | D:8      | Found a shimmering blue altar of Sif Muna.
  8902 | D:8      | Learned a level 2 spell: Sublimation of Blood
  8954 | D:9      | You fall into a shaft and drop 1 floor!
  8954 | D:10     | Entered Level 10 of the Dungeon
  9400 | D:10     | Noticed a two-headed ogre
  9410 | D:10     | Killed a two-headed ogre
  9411 | D:10     | Reached skill level 5 in Air Magic
  9448 | D:10     | Reached skill level 10 in Spellcasting
  9675 | D:10     | Reached XP level 11. HP: 72/74 MP: 21/25
 10313 | D:9      | Found Doinapul's Distillery.
 10317 | D:9      | Bought a potion of heal wounds for 65 gold pieces
 10317 | D:9      | Bought a potion of curing for 39 gold pieces
 10573 | D:9      | Reached ** piety under Kikubaaqudgha
 10662 | D:9      | Found a staircase to the Orcish Mines.
 11679 | Lair:1   | Entered Level 1 of the Lair of Beasts
 11705 | Lair:1   | Reached skill level 1 in Necromancy
 11775 | Lair:1   | Reached skill level 2 in Necromancy
 12094 | Lair:1   | Reached skill level 3 in Necromancy
 12164 | Lair:1   | Noticed Sonja
 12170 | Lair:1   | Killed Sonja
 12180 | Lair:1   | Reached skill level 4 in Necromancy
 12288 | Lair:1   | Reached *** piety under Kikubaaqudgha
 12288 | Lair:1   | Received a gift from Kikubaaqudgha
 12315 | Lair:1   | Reached skill level 5 in Necromancy
 12535 | Lair:1   | Reached XP level 12. HP: 81/81 MP: 25/29
 12674 | Lair:1   | Noticed a boulder beetle
 12683 | Lair:1   | Noticed a boulder beetle
 12692 | Lair:1   | Killed a boulder beetle
 12692 | Lair:1   | Killed a boulder beetle
 12693 | Lair:1   | Reached skill level 6 in Necromancy
 12739 | Lair:1   | Found the +3 pair of seven-league boots {Rampage+∞}
 13156 | Lair:1   | Learned a level 6 spell: Death Channel
 13162 | Lair:1   | Learned a level 5 spell: Borgnjor's Vile Clutch
 13167 | Lair:2   | Noticed a seven-headed hydra
 13189 | Lair:2   | Killed a seven-headed hydra
 13190 | Lair:2   | Reached skill level 1 in Earth Magic
 13434 | Lair:2   | Noticed a boulder beetle
 13546 | Lair:2   | Killed a boulder beetle
 13624 | Lair:2   | Reached skill level 7 in Necromancy
 14157 | Lair:2   | Noticed a five-headed hydra
 14165 | Lair:2   | Killed a five-headed hydra
 14166 | Lair:2   | Reached skill level 5 in Earth Magic
 14713 | Lair:3   | Noticed an eight-headed hydra
 14720 | Lair:3   | Killed an eight-headed hydra
 14814 | Lair:3   | Reached **** piety under Kikubaaqudgha
 14942 | Lair:3   | Reached skill level 8 in Necromancy
 14991 | Lair:3   | Found a runed translucent gate.
 14991 | Lair:3   | Found a runed translucent gate.
 14992 | Lair:3   | Found a runed translucent gate.
 14995 | Lair:3   | Noticed heinrich's ghost (journeyman VSBr)
 15236 | Lair:3   | Found a staircase to the Snake Pit.
 15402 | Lair:3   | Reached XP level 13. HP: 86/86 MP: 23/31
 15515 | Lair:3   | Reached skill level 1 in Fighting
 15531 | Lair:3   | Reached skill level 9 in Necromancy
 15609 | Lair:3   | Found a staircase to the Swamp.
 16079 | Lair:3   | Found a viscous altar of Jiyva.
 16244 | Lair:4   | Found a gate leading to a gauntlet.
 16258 | Gauntlet | Entered a Gauntlet
 16258 | Gauntlet | Found a transporter.
 16268 | Gauntlet | Found a transporter.
 16283 | Gauntlet | Found a transporter.
 16285 | Gauntlet | Found a large runed translucent door.
 16285 | Gauntlet | Found a large runed translucent door.
 16286 | Gauntlet | Found a large runed translucent door.
 16286 | Gauntlet | Found a large runed translucent door.
 16287 | Gauntlet | Found a large runed translucent door.
 16287 | Gauntlet | Found a large runed translucent door.
 16287 | Gauntlet | Found a runed translucent door.
 16287 | Gauntlet | Found a runed translucent door.
 16287 | Gauntlet | Found a large runed translucent door.
 16288 | Gauntlet | Found a transporter.
 16303 | Gauntlet | Found a transporter.
 16303 | Gauntlet | Noticed a green death
 16318 | Gauntlet | Found a large runed translucent door.
 16319 | Gauntlet | Found a large runed translucent door.
 16320 | Gauntlet | Found a large runed translucent door.
 16320 | Gauntlet | Found a large runed translucent door.
 16321 | Gauntlet | Found a runed translucent gate.
 16322 | Gauntlet | Found a transporter.
 16322 | Gauntlet | Found a runed translucent gate.
 16323 | Gauntlet | Found a runed translucent gate.
 16324 | Gauntlet | Found a large runed translucent door.
 16324 | Gauntlet | Found a large runed translucent door.
 16325 | Gauntlet | Found a large runed translucent door.
 16326 | Gauntlet | Found a large runed translucent door.
 16334 | Gauntlet | Found a transporter.
 16346 | Gauntlet | Found a transporter.
 16347 | Gauntlet | Noticed a blizzard demon
 16358 | Gauntlet | Found a transporter.
 16370 | Gauntlet | Found a transporter.
 16389 | Gauntlet | Found a transporter.
 16404 | Gauntlet | Found a transporter.
 16406 | Gauntlet | Found a transporter.
 16433 | Gauntlet | Found a transporter.
 16453 | Gauntlet | Found a transporter.
 16527 | Gauntlet | Found a large runed translucent door.
 16531 | Gauntlet | Found a transporter.
 16551 | Gauntlet | Found a transporter.
 16664 | Gauntlet | Found a transporter.
 16736 | Gauntlet | Identified the ring of Elitism {*Corrode +Blink rF+ Int+2
                  | SInv}
 17011 | Gauntlet | Noticed a minotaur
 17032 | Gauntlet | Killed a minotaur
 17139 | Gauntlet | Got Avamock's Secrets of Beguiling and Vitriol
 17373 | Lair:4   | Found a sacrificial altar of Ru.
 17391 | Lair:4   | Reached skill level 5 in Fighting
 17391 | Lair:4   | Reached skill level 10 in Necromancy
 17399 | Lair:4   | Reached ***** piety under Kikubaaqudgha
 17760 | Lair:4   | Found a staircase to the Slime Pits.
 17761 | Lair:4   | Found a viscous altar of Jiyva.
 17787 | Lair:4   | Reached skill level 5 in Dodging
 18418 | Lair:4   | Identified a scroll of acquirement
 18488 | Lair:5   | Entered Level 5 of the Lair of Beasts
 18729 | Lair:5   | Reached skill level 11 in Necromancy
 18751 | Lair:5   | Gained mutation: Your tail ends in a venomous barb. [Green
                  | Draconian growth]
 18751 | Lair:5   | Reached XP level 14. HP: 92/113 MP: 14/32
 18891 | Lair:5   | Identified the +6 sling "Vedux Koo" {speed, rC+ Will+
                  | rCorr}
 19556 | Lair:5   | Reached skill level 12 in Necromancy
 20502 | Orc:1    | Entered Level 1 of the Orcish Mines
 20578 | Orc:2    | Entered Level 2 of the Orcish Mines
 20826 | Orc:2    | Reached skill level 10 in Fighting
 20843 | Orc:2    | Reached ****** piety under Kikubaaqudgha
 21360 | Orc:2    | Found Jobiap's Jewellery Emporium.
 21550 | Orc:2    | Found a staircase to the Elven Halls.
 21557 | Orc:1    | Found a roughly hewn altar of Beogh.
 21571 | Orc:2    | Reached skill level 13 in Necromancy
 21729 | Orc:1    | Paralysed by an ogre mage for 3 turns
 21910 | Orc:2    | Reached skill level 14 in Necromancy
 22073 | Orc:2    | Gained mutation: Your health recovers twice as slowly from
                  | being drained. [a neqoxec]
 22083 | Orc:2    | Gained mutation: You are clumsy. (Dex -2) [a neqoxec]
 22383 | Orc:1    | Noticed Urug
 22469 | Orc:1    | Killed Urug
 22936 | Orc:2    | Found Udghemur's Book Shoppe.
 22936 | Orc:2    | Found Gukhemuw's Distillery.
 22938 | Orc:2    | Found Xoutig's Book Shoppe.
 22938 | Orc:2    | Found Igodwaesch's Weapon Boutique.
 22949 | Orc:2    | Bought a potion of experience for 800 gold pieces
 22981 | Orc:2    | Acquired 866 gold pieces
 22983 | Orc:2    | Received a gift from Kikubaaqudgha (forbidden knowledge)
 22992 | Orc:2    | Learned a level 7 spell: Haunt
 23024 | Orc:2    | Bought a potion of haste for 160 gold pieces
 23024 | Orc:2    | Bought a potion of berserk rage for 80 gold pieces
 23024 | Orc:2    | Bought 2 potions of curing for 96 gold pieces
 23024 | Orc:2    | Bought a potion of curing for 48 gold pieces
 23024 | Orc:2    | Bought a potion of invisibility for 128 gold pieces
 23114 | D:9      | Bought a potion of haste for 130 gold pieces
 23114 | D:9      | Bought a potion of resistance for 130 gold pieces
 23114 | D:9      | Bought a potion of resistance for 130 gold pieces
 23114 | D:9      | Bought 2 potions of cancellation for 208 gold pieces
 23114 | D:9      | Bought a potion of magic for 104 gold pieces
 23150 | D:11     | Noticed Grum
 23168 | D:11     | Killed Grum
 23238 | D:11     | Reached XP level 15. HP: 126/126 MP: 26/33
 23620 | D:11     | Identified the +4 war axe of Jial {flame, Dex+6}
 24475 | D:11     | Reached skill level 15 in Necromancy
 24543 | D:11     | Noticed Snorg
 24548 | D:11     | Killed Snorg
 25193 | Lair:3   | Reached XP level 16. HP: 134/134 MP: 34/34
 25218 | Lair:3   | Killed heinrich's ghost
 25298 | Lair:3   | Fell from the grace of Kikubaaqudgha
 25298 | Lair:3   | Became a worshipper of Jiyva Josorhy the Shapeless
 25460 | D:12     | Identified the +4 hand axe of True Grit {protect, Str+3}
 27092 | D:12     | Reached * piety under Jiyva
 27655 | D:13     | Reached skill level 16 in Necromancy
 27807 | D:13     | Reached ** piety under Jiyva
 28076 | D:13     | Found a gate to the Vaults.
 28355 | D:14     | Reached skill level 10 in Dodging
 28949 | D:14     | Reached *** piety under Jiyva
 28949 | D:14     | Lost mutation: Your health recovers twice as slowly from
                  | being drained. [Jiyva's grace]
 28949 | D:14     | Gained mutation: You have supernaturally acute eyesight.
                  | (SInv) [Jiyva's grace]
 28949 | D:14     | Gained mutation: Your melee attacks may engulf your foes in
                  | ooze. [Jiyva's grace]
 28949 | D:14     | Gained mutation: You have hidden genetic potential.
                  | [Jiyva's grace]
 28949 | D:14     | Gained mutation: You have great hidden genetic potential.
                  | [Jiyva's grace]
 29049 | D:14     | Found a hide-covered altar of Uskayaw.
 29149 | D:14     | Found a runed translucent door.
 29149 | D:14     | Found a shimmering altar of Xom.
 29149 | D:14     | Identified the +6 demon whip of Miecrir {chaos, rCorr
                  | Str+6}
 29366 | D:14     | Noticed Ujyxuu Gaynk's ghost (adept CoAr)
 29421 | D:15     | Entered Level 15 of the Dungeon
 29506 | D:15     | Reached skill level 17 in Necromancy
 29957 | D:15     | Found a staircase to the Depths.
 30474 | D:14     | Killed Ujyxuu Gaynk's ghost
 30475 | D:14     | Reached XP level 17. HP: 124/128 MP: 9/35
 30714 | Swamp:1  | Entered Level 1 of the Swamp
 30919 | Swamp:1  | Reached skill level 18 in Necromancy
 31250 | Swamp:1  | Identified the +1 trident "Kulesauc" {pain, rF- Will++
                  | Str+8 Int-5}
 31540 | Swamp:1  | Reached **** piety under Jiyva
 31652 | Swamp:2  | Identified the +9 shortbow of Tenacity {drain, *Corrode
                  | rElec rPois rF+}
 31928 | Swamp:2  | Reached skill level 19 in Necromancy
 32412 | Swamp:3  | Lost mutation: You have great hidden genetic potential.
                  | [Jiyva's grace]
 32412 | Swamp:3  | Gained mutation: Your flesh is cold resistant. (rC+)
                  | [Jiyva's grace]
 32412 | Swamp:3  | Gained mutation: Your flesh is very cold resistant. (rC++)
                  | [Jiyva's grace]
 32412 | Swamp:3  | Gained mutation: Your flesh is almost immune to the effects
                  | of cold. (rC+++) [Jiyva's grace]
 32412 | Swamp:3  | Gained mutation: You expend magic power (3 MP) to
                  | strengthen your wands. [Jiyva's grace]
 32456 | Swamp:3  | Reached ***** piety under Jiyva
 32579 | Swamp:3  | Found a glacial archway.
 32850 | Swamp:4  | Entered Level 4 of the Swamp
 32945 | Swamp:4  | Identified the +3 falchion of the Orb {antimagic, ^Fragile
                  | Fly Dex+3}
 33075 | Swamp:4  | Noticed a tentacled monstrosity
 33150 | Swamp:3  | Killed a tentacled monstrosity
 33196 | Swamp:4  | Reached skill level 20 in Necromancy
 33252 | Swamp:4  | Gained mutation: Your muscles are strong. (Str +4, Int/Dex
                  | -1) [hidden potential]
 33522 | Swamp:4  | Slain by a bunyip zombie

Illustrated notes

Levels and vault maps discovered:
D:1:      reono_arrival_mine, layout_basic,
          hellmonk_ecumenical_altar_leap_of_faith
D:2:      layout_loops_ring, corexii_item_surrounded_by_moat,
          chequers_serial_rivers_large_b
D:3:      minmay_chambers_of_threes, layout_loops_cross, serial_park_tiny_1
D:4:      layout_rooms
D:5:      layout_basic
D:6:      layout_loops_cross, mainiacjoe_overflow_catwalk, serial_shops,
          nicolae_shop_advertising_works [nicolae_subvault_shop_adworks],
          serial_library, serial_library_regret_index_split_case,
          serial_library_regret_index_small_wings,
          serial_library_hellmonk_room_c, serial_library_hellmonk_hallway_b,
          serial_library_hellmonk_room_b, serial_library_hellmonk_small_alcove,
          serial_library_regret_index_split_case,
          serial_library_hellmonk_open_cross,
          serial_library_hellmonk_long_bookcase,
          serial_library_hellmonk_hallway_a, nicolae_half_adder
D:7:      layout_loops_ring, minmay_temple_entry_nine_rooms
D:8:      layout_basic, nemelex_diamond_rough_becter, general_overflow_altar,
          overflow_temple_1_default, dpeg_lair_monsters,
          chequers_serial_rivers_small_3, kennysheep_generic_room_11, uniq_erica
D:9:      layout_cave_pools, erik_orc_2, serial_gnoll_camp,
          gnoll_camp_mini_shop, gnoll_camp_mini_hut, gnoll_camp_mini_basic,
          gnoll_camp_mini_loothouse, gnoll_camp_mini_hut, dk_noncrumbling_4
D:10:     layout_loops_ring, serial_undead, serial_undead_c, serial_undead_d,
          serial_undead_c, serial_undead_f, serial_undead_a, serial_undead_b,
          minivault_24
D:11:     layout_basic, kennysheep_cross_bottleneck, mrwooster_statue_mirror,
          uniq_snorg, uniq_grum
D:12:     layout_loops_ring, nicolae_doodle_vault
D:13:     layout_loops_ring, lightli_vaults_fourway_checkpoint
D:14:     minmay_firetagon, layout_basic, nicolae_uskayaw_suspiria,
          ebering_ghost_xom
D:15:     gammafunk_enter_depths_forms, layout_basic, corexii_leaking_fountain,
          hangedman_decor_points
Temple:   eino_narrow_crystal_temple
Lair:1:   layout_chaotic_city, chequers_serial_rivers_micro_e,
          hellmonk_guarded_unrand_seven_league_boots, infiniplex_staircase_pool,
          lemuel_fruit_fields, uniq_sonja
Lair:2:   layout_regular_city, enter_volcano_2
Lair:3:   layout_long_grid, minmay_swamp_entry_wisps,
          minmay_snake_entry_six_corridors, gammafunk_ghost_ooze,
          eino_house_with_fridge
Lair:4:   beast_lair_carwin_large_1, layout_cave_pods, slime_entry_1,
          gauntlet_entry_generic, basic_altar, lemuel_fruit_tree
Lair:5:   grunt_lair_end_beastmaster, layout_small_grid
Swamp:1:  layout_falls_marsh, evilmike_swamp_ruin_house_4,
          cheibrodos_swamp_pet_leeches
Swamp:2:  layout_basic_swamp, hangedman_swamp_lotus
Swamp:3:  layout_falls_marsh, portal_ice_cave_entry_frozen_things,
          evilmike_swamp_ruin_rubble_2
Swamp:4:  swamp_pestilence, layout_basic_swamp, worms_lemuel
Orc:1:    layout_diamond_mine, basic_altar, nicolae_orc_sculptors_studio,
          uniq_urug
Orc:2:    grunt_orc_tribal_feast, layout_caves, serial_shops, shop

Skill      XL: |  1  2  3  4  5  6  7  8  9 10 11 12 13 14 15 16 17 |
---------------+----------------------------------------------------+-----
Spellcasting   | 3 4 5 7 8 10 13 14 | 14.0
Summonings     | 5 6 8 10 11 | 11.0
Fire Magic     | 2 3 5 |  5.0
Air Magic      | 1 5 |  5.0
Necromancy     | 5 8 11 14 15 17 20 | 20.5
Earth Magic    | 6 |  6.0
Dodging        | 5 8 10 | 10.0
Fighting       | 7 10 | 10.0
Stealth        | |  1.7

Action                     |  1- 3 |  4- 6 |  7- 9 | 10-12 | 13-15 | 16-18 || total
---------------------------+-------+-------+-------+-------+-------+-------++-------
  Melee: Unarmed           |     9 |       |       |       |       |       ||     9
         Dagger            |    81 |   135 |   235 |   271 |    30 |       ||   752
         Tailslap          |     8 |    15 |    36 |    50 |    49 |   110 ||   268
         Rapier            |       |       |       |       |   195 |       ||   195
         Staff             |       |       |       |       |       |   385 ||   385
   Cast: Summon Small Mamm |    39 |    26 |    17 |     6 |     2 |     4 ||    94
         Call Imp          |       |    12 |    36 |    31 |     8 |     2 ||    89
         Call Canine Famil |       |    10 |    36 |    33 |    18 |    11 ||   108
         Summon Blazeheart |       |       |     5 |    20 |    85 |       ||   110
         Summon Lightning  |       |       |       |    93 |   139 |    44 ||   276
         Death Channel     |       |       |       |       |     3 |     8 ||    11
         Haunt             |       |       |       |       |     5 |   128 ||   133
         Borgnjor's Vile C |       |       |       |       |     3 |   224 ||   227
         Sublimation of Bl |       |       |       |       |       |     2 ||     2
 Invoke: Unearth Wretches  |       |       |       |       |     3 |     4 ||     7
         Receive Forbidden |       |       |       |       |     1 |       ||     1
Ability: Noxious Breath    |       |       |     1 |       |     3 |     5 ||     9
  Evoke: Wand              |       |       |     4 |     9 |     9 |     9 ||    31
         Lightning rod     |       |       |       |       |     2 |     7 ||     9
         Box of beasts     |       |       |       |       |       |     2 ||     2
         Phial of floods   |       |       |       |       |       |     1 ||     1
    Use: Scroll            |       |       |     5 |     4 |    16 |     5 ||    30
         Potion            |       |       |       |     3 |     1 |     3 ||     7
   Stab: Sleeping          |     1 |     2 |     1 |       |       |       ||     4
         Distracted        |       |     1 |     2 |     5 |     5 |     8 ||    21
         Paralysed         |       |       |       |       |     5 |     3 ||     8
         Petrified         |       |       |       |       |     1 |       ||     1
 Armour: Skin              |    47 |    76 |   122 |   320 |   372 |   630 ||  1567
  Dodge: Dodged            |    82 |   143 |   182 |   354 |   500 |   697 ||  1958

Table legend: (Time is in decaauts)
 A = Elapsed time spent in this place.
 B = Non-inter-level travel time spent in this place.
 C = Inter-level travel time spent in this place.
 D = Time resting spent in this place.
 E = Time spent auto-exploring this place.
 F = Levels seen in this place.
 G = Mean time per level.
                   A        B        C        D        E       F      G
               +--------+--------+--------+--------+--------+-----+--------+
         Total |  34031 |  31230 |   2801 |   4942 |  19326 |  28 | 1215.4 |
       Dungeon |  19189 |  17643 |   1546 |   2417 |  11674 |  15 | 1279.3 |
        Temple |     55 |      3 |     52 |      0 |      0 |   1 |   55.0 |
          Lair |   8487 |   7767 |    720 |   1294 |   4783 |   5 | 1697.4 |
         Swamp |   2757 |   2525 |    232 |    145 |   1572 |   4 |  689.2 |
  Orcish Mines |   2591 |   2341 |    250 |    850 |    925 |   2 | 1295.5 |
      Gauntlet |    950 |    950 |      0 |    236 |    371 |   1 |  950.0 |
               +--------+--------+--------+--------+--------+-----+--------+

Top non-repeatable levels by time:
  Lair:3: 2103 daAuts
    D:11: 1930 daAuts
  Lair:5: 1836 daAuts
  Lair:1: 1818 daAuts
   Orc:2: 1705 daAuts
     D:8: 1701 daAuts
     D:5: 1669 daAuts
    D:12: 1615 daAuts
     D:9: 1601 daAuts
     D:6: 1539 daAuts
    D:10: 1501 daAuts
  Lair:4: 1489 daAuts
    D:13: 1256 daAuts
  Lair:2: 1239 daAuts
    D:14: 1042 daAuts
